 Dungeon Crawl Stone Soup version 0.31-a0-1321-g5021b54cb2 (webtiles) character file.

Game seed: 13127493882241862610

30 IdlyInterested the Sneak (level 3, -10/29 HPs)
             Began as a Demonspawn Brigand on Dec 20, 2023.
             Splashed by a jelly's acid (11 damage)
             ... on level 2 of the Dungeon.
             The game lasted 00:02:36 (779 turns).

IdlyInterested the Sneak (Demonspawn Brigand)        Turns: 779, Time: 00:02:37

Health: -10/29     AC: -1    Str: 11    XL:     3   Next: 3%
Magic:  3/3        EV: 11    Int: 11    God:
Gold:   22         SH:  0    Dex: 16    Spells: 2/2 levels left

rFire   . . .        a - +2 dagger
rCold   . . .        (no shield)
rNeg    . . .        b - +0 robe
rPois   .            (no helmet)
rElec   .            c - +0 cloak
rCorr   .            (no gloves)
SInv    .            (no boots)
Will    .....        (no amulet)
Stlth   +++          (no ring)
HPRegen 0.24/turn    (no ring)
MPRegen 0.08/turn

%: no passive effects
@: corroded
A: ignite blood 1
a: no special abilities


You were on level 2 of the Dungeon.
You visited 1 branch of the dungeon, and saw 2 of its levels.

You collected 22 gold pieces.

Inventory:

Hand Weapons
 a - a +2 dagger (weapon)
Missiles
 d - 9 poisoned darts (quivered)
 e - 3 curare-tipped darts
 k - a stone
Armour
 b - a +0 robe (worn)
 c - a +0 cloak (worn)
Talismans
 j - a beast talisman
Scrolls
 g - a scroll of enchant weapon {unknown}
 i - a scroll of torment {unknown}
Potions
 h - a potion of mutation {unknown}


   Skills:
 - Level 3.0 Fighting
 * Level 2.0 Short Blades
 - Level 1.7 Throwing
 - Level 0.8 Dodging
 + Level 4.0 Stealth


You had 2 spell levels left.
You didn't know any spells.
Your spell library was empty.

Dungeon Overview and Level Annotations

Branches:
Dungeon (2/15)

Altars:


Innate Abilities, Weirdness & Mutations

Your demonic aura sometimes causes spilled blood to erupt in flames.


Message History

The jelly is lightly wounded.
A rat comes into view.
Throw: 3 stones
Press: ? - help, Shift-Dir - straight line, f/p - jelly
Aim: a jelly (lightly wounded, 89% to hit)
You throw a stone.
The stone hits the jelly but does no damage.
The jelly is lightly wounded.
Throw: 2 stones
Press: ? - help, Shift-Dir - straight line, f/p - jelly
Aim: a jelly (lightly wounded, 89% to hit)
You throw a stone. The stone hits the jelly.
The jelly is moderately wounded.
The rat bites you but does no damage.
You barely miss the rat. You closely miss the rat.
The rat bites you but does no damage.
You hit the rat.
You kill the rat!
The jelly barely misses you.
Your Short Blades skill increases to level 2!
You hit the jelly.
Your hands burn!
The jelly is moderately wounded.
The jelly hits you but does no damage.
You hit the jelly. The acid corrodes you!
Your hands burn!
The jelly is moderately wounded.
The jelly barely misses you.
You hit the jelly.
Your hands burn!
The jelly is heavily wounded.
The jelly closely misses you.
You hit the jelly.
Your hands burn!
The jelly is severely wounded.
The jelly hits you.
You are splashed with acid!
* * * LOW HITPOINT WARNING * * *
You hit the jelly.
Your hands burn!
* * * LOW HITPOINT WARNING * * *
The jelly is severely wounded.
The jelly hits you.
* * * LOW HITPOINT WARNING * * *
You are splashed with acid!
You die...

.# ##.#
#... #..#
# #..#
.#..
#..#.....
#..J..#
#J###.#.#
#?@.....#
#####.###


You could see a jelly.

Vanquished Creatures
  A dart slug (D:1)
  An endoplasm (D:1)
  A giant cockroach (D:1)
  3 goblins (D:1)
  2 hobgoblins (D:1)
  2 jackals (D:1)
  3 quokkas (D:1)
  3 ball pythons (D:1)
  2 bats (D:1)
  4 frilled lizards (D:1)
  A kobold (D:1)
  5 rats
28 creatures vanquished.

Notes
Turn   | Place    | Note
-------+----------+-------------------------------------------
     0 | D:1      | IdlyInterested the Demonspawn Brigand began the quest for
                  | the Orb.
     0 | D:1      | Reached XP level 1. HP: 16/16 MP: 1/1
   147 | D:1      | Gained mutation: Your demonic aura sometimes causes spilled
                  | blood to erupt in flames. [demonic ancestry]
   147 | D:1      | Reached XP level 2. HP: 19/23 MP: 2/2
   405 | D:1      | Found a faded altar of an unknown god.
   452 | D:1      | Reached skill level 4 in Stealth
   497 | D:1      | Reached XP level 3. HP: 26/29 MP: 3/3
   779 | D:2      | HP: 1/29 [acid (3)]
   779 | D:2      | Splashed by a jelly's acid

Illustrated notes

Levels and vault maps discovered:
D:1:      dpeg_arrival_stonehenge_12_columns, layout_basic,
          hellmonk_ecumenical_altar_arch_garden
D:2:      minmay_wonky_spiral, layout_loops_ring, kennysheep_generic_room_13

Skill      XL: |  1  2  3 |
---------------+----------+-----
Fighting       | 3 |  3.0
Stealth        | 4 |  4.0
Short Blades   | 2 |  2.0
Throwing       | |  1.7
Dodging        | |  0.8

Action                     || total
---------------------------++-------
  Melee: Dagger            ||    82
  Throw: Stone             ||     4
    Use: Scroll            ||     1
   Stab: Sleeping          ||     6
 Armour: Robe              ||    39
  Dodge: Dodged            ||    36

Table legend: (Time is in decaauts)
 A = Elapsed time spent in this place.
 B = Non-inter-level travel time spent in this place.
 C = Inter-level travel time spent in this place.
 D = Time resting spent in this place.
 E = Time spent auto-exploring this place.
 F = Levels seen in this place.
 G = Mean time per level.
                   A        B        C        D        E       F      G
               +--------+--------+--------+--------+--------+-----+--------+
         Total |    771 |    734 |     37 |     75 |    467 |   2 |  385.5 |
       Dungeon |    771 |    734 |     37 |     75 |    467 |   2 |  385.5 |
               +--------+--------+--------+--------+--------+-----+--------+

Top non-repeatable levels by time:
     D:1: 756 daAuts
     D:2: 15 daAuts
